 Dungeon Crawl Stone Soup version 0.28-a0-1560-g060a6a1bfc (webtiles) character file.

Game seed: 661215552263087440

66937 Nattfarinn the Severer (level 15, -5/97 HPs)
             Began as a Gargoyle Fighter on Jan 19, 2022.
             Was the Champion of Okawaru.
             Shot with an arrow by a deep elf archer (24 damage)
             ... on level 13 of the Dungeon.
             The game lasted 00:49:18 (27194 turns).

Nattfarinn the Severer (Gargoyle Fighter)          Turns: 27194, Time: 00:49:19

Health: -5/97      AC: 30    Str: 26    XL:     15   Next: 21%
Magic:  22/22      EV: 11    Int:  8    God:    Okawaru [******]
Gold:   1406       SH:  5    Dex: 12    Spells: 14/14 levels left

rFire   . . .      SeeInvis .   a - +3 broad axe (freeze)
rCold   . . .      Faith    .   c - +0 buckler
rNeg    + + .      Spirit   .   v - +2 steam dragon scales
rPois   ∞          Reflect  .   Q - +1 helmet
rElec   +          Harm     .   W - +2 ratskin cloak {*Rats rPois rN+ Str-1 Int-1 Dex+1}
rCorr   +          Rampage  .   (no gloves)
Will    +....                   q - +2 pair of boots
Stlth   +.........              (no amulet)
HPRegen 0.26/turn               B - ring of resist corrosion
MPRegen 0.18/turn               (no ring)

@: flying, slowed, very slow
A: sickness immunity, AC +11, big wings, negative energy resistance 1,
electricity resistance, torment resistance 1, petrification resistance, agile 1
a: Renounce Religion, Heroism, Finesse, Duel


You were on level 13 of the Dungeon.
You worshipped Okawaru.
Okawaru was exalted by your worship.
You visited 3 branches of the dungeon, and saw 20 of its levels.
You also visited: Bailey.

You collected 1690 gold pieces.
You spent 284 gold pieces at shops.

Inventory:

Hand Weapons
 a - a +3 broad axe of freezing (weapon)
 b - the +10 falchion of Kotaskar {flame, rElec rPois}
   (You found it on level 6 of the Lair of Beasts)

   It burns those it strikes, dealing additional fire damage.
   Big, fiery blades are also staple armaments of hydra-hunters.
   rElec:     It insulates you from electricity.
   rPois:     It protects you from poison.
Missiles
 s - 2 throwing nets (quivered)
Armour
 c - a +0 buckler (worn)
 j - a scarf of resistance
 q - a +2 pair of boots (worn)
 r - a +2 leather armour of fire resistance
 v - +2 steam dragon scales (worn)
 Q - a +1 helmet (worn)
 S - a +2 cloak
 W - the +2 ratskin cloak (worn) {*Rats rPois rN+ Str-1 Int-1 Dex+1}
   (You found it on level 1 of the Lair of Beasts)

   When the wearer is hurt, rats may emerge from it to assist them.
   Str:       It affects your strength (-1).
   Int:       It affects your intelligence (-1).
   Dex:       It affects your dexterity (+1).
   rPois:     It protects you from poison.
   rN:        It protects you from negative energy.
 Z - the +5 chain mail of the Constellations {Contam +Inv rElec}
   (You found it on level 4 of the Lair of Beasts)

   rElec:     It insulates you from electricity.
   +Inv:      It lets you turn invisible.
   Contam:    It causes magical contamination when unequipped.
Jewellery
 k - a ring of ice
 B - a ring of resist corrosion (left hand)
 N - a ring of ice
 U - an amulet of magic regeneration
 V - a ring of fire
Wands
 y - a wand of polymorph (12)
 E - a wand of flame (37)
 T - a wand of iceblast (12)
Scrolls
 e - 2 scrolls of identify
 g - a scroll of amnesia
 i - 4 scrolls of noise
 m - 3 scrolls of enchant armour
 o - 3 scrolls of fog
 u - 2 scrolls of immolation
 x - 2 scrolls of torment
 z - 5 scrolls of magic mapping
 M - 2 scrolls of fear
 O - 2 scrolls of teleportation
 P - 2 scrolls of holy word
Potions
 d - 4 potions of might
 f - 7 potions of curing
 l - 7 potions of flight
 n - 3 potions of lignification
 p - 4 potions of haste
 t - 3 potions of resistance {unknown}
 w - 4 potions of attraction
 A - 6 potions of mutation
 C - 2 potions of brilliance {unknown}
 F - 3 potions of magic {unknown}
 G - a potion of degeneration {unknown}
 H - a potion of invisibility {unknown}
 I - a potion of heal wounds
 R - a potion of berserk rage {unknown}
Miscellaneous
 h - a phial of floods (inert)


   Skills:
 - Level 12.8 Fighting
 - Level 18.0 Axes
 - Level 11.2 Armour
 + Level 6.2 Shields
 - Level 9.9 Invocations


You had 14 spell levels left.
You didn't know any spells.
Your spell library contained the following spells:

 Spells                   Type           Power      Damage    Failure   Level
 Magic Dart               Conj           0%         1d3       50%         1
 Pain                     Necr           0%         1d4       50%         1
 Slow                     Hex            0%         N/A       50%         1
 Sting                    Tmut/Pois      0%         1d3       50%         1
 Blink                    Tloc           0%         N/A       63%         2
 Passwall                 Tmut/Erth      0%         N/A       63%         2
 Confusing Touch          Hex            0%         N/A       86%         3
 Conjure Flame            Conj/Fire      0%         6-21      86%         3
 Ignite Poison            Fire/Tmut/Pois 0%         N/A       86%         3
 Lesser Beckoning         Tloc           0%         N/A       86%         3
 Mephitic Cloud           Conj/Pois/Air  0%         N/A       86%         3
 Vampiric Draining        Necr           0%         2d6       86%         3
 Fulminant Prism          Conj/Hex       0%         3d6       99%         4
 Iskenderun's Mystic Bla  Conj/Tloc      0%         2d3       99%         4
 Sticky Flame             Conj/Fire      0%         2d3       99%         4
 Alistair's Intoxication  Tmut/Pois      0%         N/A       100%        5
 Borgnjor's Vile Clutch   Necr/Erth      0%         N/A       100%        5
 Lee's Rapid Deconstruct  Erth           0%         3d5*      100%        5
 Manifold Assault         Tloc           0%         N/A       100%        5
 Eringya's Noxious Bog    Tmut/Pois      0%         N/A       100%        6
 Storm Form               Tmut/Air       0%         N/A       100%        7
 Animate Skeleton         Necr           Unusable   N/A       N/A         1
 Call Imp                 Summ           Unusable   N/A       N/A         2

Dungeon Overview and Level Annotations

Branches:
Dungeon (13/15)            Temple (1/1) D:5            Lair (6/6) D:11
  Swamp (0/4) Lair:3        Snake (0/4) Lair:2        Slime (0/5) Lair:6
    Orc (0/2) D:10         Bailey (visited)
 Vaults: D:13-14

Altars:
Ashenzari
Cheibriados
Dithmenos
Elyvilon
Fedhas
Gozag
Hepliaklqana
Kikubaaqudgha
Makhleb
Nemelex Xobeh
Okawaru
Qazlal
Ru
Sif Muna
Trog
Uskayaw
Vehumet
Wu Jian
Xom
Yredelemnul
Zin
The Shining One
Jiyva

Shops:
D:4 *   D:7 ?:=[*   D:8 *   D:9 =

Annotations:
D:10 2 transporters


Innate Abilities, Weirdness & Mutations

You are immune to sickness and miasma.
Your stone body is resilient. (AC +11)
You are immune to poison.
Your large and strong wings let you fly.
You resist negative energy. (rN+)
You are resistant to electric shocks. (rElec)
You are resistant to unholy torment.
You are immune to petrification.
You are agile. (Dex +2)


Message History

The deep elf archer shoots an arrow.
The arrow barely misses you.
The deep elf archer unwields a +0 dagger.
The deep elf archer wields a +0 shortbow.
The deep elf archer shoots an arrow.
The arrow hits you!
The deep elf archer shoots an arrow.
The arrow hits you. The arrow burns you.
You feel better.
The deep elf archer shoots an arrow.
The arrow closely misses you.
The deep elf archer casts a spell at you.
You feel as though you will be slow longer.
Cleave: a) +3 broad axe (freeze)
Press: ? - help, Dir - move target, f - you
Okay, then.
Aiming: Corrosive Bolt
Press: ? - help, Shift-Dir - straight line, f - deep elf archer
Aim: a deep elf archer, wielding a +0 shortbow, wearing a +0 leather armour and quivering arrows (almost dead, repelling missiles, 38% to hit)
The deep elf archer repels the bolt of acid!
The now-empty wand crumbles to dust.
The deep elf archer points at you and mumbles some strange words.
You resist with some effort.
The deep elf archer shoots an arrow.
The arrow barely misses you.
The deep elf archer shoots an arrow.
You block the arrow.
The deep elf archer shoots an arrow.
The arrow hits you!! The arrow burns you.
You are too injured to fight recklessly!
Unknown command.
Aim the phial where?
Press: ? - help, Shift-Dir - straight line, f/p - deep elf archer
Aim: a deep elf archer, wielding a +0 shortbow, wearing a +0 leather armour and quivering arrows (severely wounded, repelling missiles)
The torrent of water hits the deep elf archer!
You kill the deep elf archer!
Okawaru accepts your kill.
The wave splashes down.
You hear a shout!
The deep elf archer shoots an arrow.
You block the arrow.
The deep elf archer shoots an arrow.
The arrow hits you. The arrow burns you.
The deep elf archer shoots an arrow.
The arrow hits you!!
* * * LOW HITPOINT WARNING * * *
The arrow burns you!
* * * LOW HITPOINT WARNING * * *
You feel much better.
The deep elf archer shoots an arrow.
The arrow hits you!!
You die...

##########.#. ... #.#. ... #.#.
##'## ####### #.#. #
#...###.....###.#. #≈
#...##.....('..... .. #≈≈
#...##......###.#.
cp###'')###..####.#.....(.#.
≈≈≈≈≈.≈≈)≈≈@≈≈≈..)#.#######)
≈≈≈≈≈...≈≈≈≈≈≈≈.....# #))[..
≈≈≈≈≈...≈≈≈≈≈≈......###.###.
≈≈≈≈.....≈≈≈≈.............#.
....................###.#.#.
....'...........#.# #.#.#. #
#####.....e..)..#.###.#.#. #.
#...........#..##.#.#.
#.##############'#+#####.##.#.#.


You could see a deep elf archer (repels missiles).

Vanquished Creatures
  Snorg (Lair:3)
  4 vault guards
  9 hydras
  3 centaur warriors
  2 boulder beetles
  An ogre mage (D:12)
  A catoblepas (D:13)
  2 tengu warriors (D:9)
  7 two-headed ogres
  A goliath frog (Lair:6)
  A deep elf archer (D:13)
  An orc knight (D:11)
  An ugly thing (D:13)
  5 cyclopes
  3 manticores
  8 elephants
  6 black mambas
  Maggie (D:7)
  23 cane toads
  An unseen horror (D:11)
  2 rime drakes
  10 komodo dragons
  A kobold demonologist (D:13)
  2 efreet
  2 tengu conjurers (D:13)
  3 trolls
  A hornet (D:9)
  6 dream sheep (Lair:5)
  27 blink frogs
  Prince Ribbit (Bailey)
  2 tyrant leeches (Lair:6)
  5 slime creatures
  2 wraiths
  Sigmund (D:3)
  A shadow (D:10)
  3 wyverns
  7 humans (Bailey)
  24 yaks
  9 basilisks
  3 steam dragons
  19 vampire mosquitoes
  2 wargs (D:10)
  5 acid dragons
  14 water moccasins
  6 orc warriors
  2 ice beasts
  3 sky beasts
  5 black bears
  2 necrophages
  4 ogres
  18 wolves
  5 centaurs
  4 kobold brigands
  29 bullfrogs
  A gnoll sergeant (D:11)
  A water moccasin skeleton (D:6)
  2 wyvern skeletons (D:7)
  9 killer bees
  3 wights (D:9)
  5 electric eels
  4 howler monkeys
  A gnoll shaman (D:7)
  A jelly (D:6)
  8 orc priests
  A bullfrog skeleton (D:4)
  A centaur skeleton (D:7)
  4 iguanas
  12 orc wizards
  A killer bee zombie (D:8)
  A centaur simulacrum (D:9)
  A hound zombie (D:5)
  A hound skeleton (D:4)
  A howler monkey zombie (D:6)
  13 gnolls
  8 adders
  A white imp (D:6)
  A howler monkey simulacrum (D:9)
  A worm (D:4)
  3 dart slugs
  40 orcs
  6 endoplasms
  4 giant cockroaches
  20 goblins
  9 hobgoblins
  6 jackals
  3 quokkas
  5 ball pythons
  2 bats
  4 frilled lizards
  20 kobolds
  5 rats
520 creatures vanquished.

Vanquished Creatures (others)
  A hound (D:6)
  42 fungi
  93 plants
136 creatures vanquished.

Grand Total: 656 creatures vanquished

Notes
Turn   | Place    | Note
-------+----------+-------------------------------------------
     0 | D:1      | Nattfarinn the Gargoyle Fighter began the quest for the
                  | Orb.
     0 | D:1      | Reached XP level 1. HP: 14/14 MP: 1/1
    60 | D:1      | Reached skill level 2 in Axes
   190 | D:1      | Reached XP level 2. HP: 18/19 MP: 2/2
   232 | D:1      | Found a faded altar of an unknown god.
   774 | D:1      | Reached XP level 3. HP: 24/24 MP: 3/3
  1290 | D:2      | Reached skill level 3 in Axes
  1934 | D:3      | Reached XP level 4. HP: 28/29 MP: 4/4
  2130 | D:3      | Reached XP level 5. HP: 5/34 MP: 5/5
  2136 | D:3      | Reached skill level 4 in Axes
  2411 | D:3      | Noticed a sky beast
  2423 | D:3      | Killed a sky beast
  2424 | D:3      | Reached XP level 6. HP: 38/40 MP: 6/6
  2601 | D:3      | Noticed Sigmund
  2609 | D:3      | Killed Sigmund
  2610 | D:3      | Reached skill level 5 in Fighting
  2610 | D:3      | Reached skill level 5 in Axes
  2941 | D:4      | Found Oplion's Neck Hole.
  2957 | D:4      | Reached XP level 7. HP: 44/44 MP: 7/7
  3440 | D:4      | Reached skill level 6 in Axes
  3465 | D:4      | HP: 2/46 [gnoll (1)]
  4290 | D:5      | Entered Level 5 of the Dungeon
  4543 | D:5      | Reached XP level 8. HP: 52/52 MP: 8/8
  4634 | D:5      | Found a staircase to the Ecumenical Temple.
  4648 | Temple   | Entered the Ecumenical Temple
  4767 | Temple   | Became a worshipper of Warmaster Okawaru
  4853 | D:5      | Reached skill level 7 in Axes
  5112 | D:5      | Reached * piety under Okawaru
  5252 | D:5      | Found an ornate altar of the Wu Jian Council.
  5266 | D:5      | Found a broken altar of Ashenzari.
  5988 | D:6      | Reached skill level 8 in Axes
  6009 | D:6      | Got the Collected Works on Moulding
  6077 | D:6      | Reached ** piety under Okawaru
  6078 | D:6      | Reached XP level 9. HP: 45/59 MP: 9/9
  6197 | D:6      | Reached skill level 9 in Axes
  6755 | D:7      | Found Cuipu's Magic Scroll Shop.
  6765 | D:7      | Bought a scroll of identify for 30 gold pieces
  6765 | D:7      | Bought a scroll of enchant weapon for 112 gold pieces
  6765 | D:7      | Bought a scroll of identify for 30 gold pieces
  6765 | D:7      | Bought a scroll of enchant weapon for 112 gold pieces
  6848 | D:7      | Found Yloox's Assorted Antiques.
  6963 | D:7      | Noticed Maggie
  6979 | D:7      | Killed Maggie
  7198 | D:7      | Found Jeseimo's Armour Emporium.
  7282 | D:7      | Found Womnol Hufi's Book Shoppe.
  7350 | D:7      | Reached skill level 10 in Axes
  7613 | D:7      | Found Vuoff's Jewellery Boutique.
  7814 | D:8      | Reached *** piety under Okawaru
  7865 | D:7      | HP: 2/60 [killer bee (6)]
  8137 | D:8      | Reached XP level 10. HP: 66/66 MP: 10/10
  8286 | D:8      | Found an ancient bone altar of Kikubaaqudgha.
  8287 | D:8      | Found a snail-covered altar of Cheibriados.
  8677 | D:8      | Found Tooreibb's General Store.
  8756 | D:8      | Reached skill level 11 in Axes
  9332 | D:9      | Reached skill level 10 in Fighting
  9389 | D:9      | Found a flagged portal.
  9402 | D:9      | Found Nogaib's Jewellery Shop.
  9413 | Bailey   | Entered a bailey
  9577 | Bailey   | Reached **** piety under Okawaru
  9987 | Bailey   | Reached skill level 12 in Axes
 10281 | Bailey   | Noticed Prince Ribbit
 10294 | Bailey   | Killed Prince Ribbit
 10307 | Bailey   | Noticed a vault guard
 10320 | Bailey   | Killed a vault guard
 10321 | Bailey   | Reached XP level 11. HP: 73/73 MP: 3/11
 10419 | Bailey   | Noticed a vault guard
 10441 | Bailey   | Killed a vault guard
 11379 | D:9      | Noticed a two-headed ogre
 11388 | D:9      | Killed a two-headed ogre
 11389 | D:9      | Reached skill level 13 in Axes
 11509 | D:9      | Noticed a manticore
 11519 | D:9      | Noticed a cyclops
 11524 | D:9      | Noticed a tengu warrior
 11525 | D:9      | Noticed a tengu warrior
 11528 | D:9      | Killed a manticore
 11790 | D:9      | Killed a tengu warrior
 12101 | D:9      | Noticed a manticore
 12111 | D:9      | Killed a manticore
 12111 | D:9      | Reached ***** piety under Okawaru
 12387 | D:9      | Killed a tengu warrior
 12639 | D:9      | Noticed a two-headed ogre
 12642 | D:9      | Killed a two-headed ogre
 12642 | D:9      | Identified the -1 hat of Xoihej {rElec rC- Regen+ Str+7}
                  | (Okawaru gifted it to you on level 9 of the Dungeon)
 12642 | D:9      | Received a gift from Okawaru
 12763 | D:9      | Killed a cyclops
 12948 | D:10     | Entered Level 10 of the Dungeon
 12949 | D:10     | Found a transporter.
 12982 | D:10     | Noticed a great orb of eyes
 12992 | D:10     | Found a transporter.
 13164 | D:10     | Found a staircase to the Orcish Mines.
 13439 | D:10     | Reached skill level 14 in Axes
 13679 | D:10     | Noticed a sea snake
 13991 | D:11     | Noticed a two-headed ogre
 14192 | D:11     | Reached XP level 12. HP: 70/82 MP: 12/12
 14195 | D:11     | Killed a two-headed ogre
 14288 | D:11     | Identified the +4 mace of the Common Good {protect, Drain
                  | rN+++}
 14471 | D:11     | Noticed a two-headed ogre
 14481 | D:11     | Killed a two-headed ogre
 14601 | D:11     | HP: 4/82 [orc warrior[an orc knight] (30)]
 14602 | D:11     | Reached skill level 1 in Invocations
 14953 | D:11     | Found a staircase to the Lair.
 15098 | D:11     | Identified the +0 cloak "Dyfuuss" {+Inv rF+ Str-4}
 15224 | D:12     | Noticed a two-headed ogre
 15233 | D:12     | Killed a two-headed ogre
 15233 | D:12     | Received a gift from Okawaru
 15425 | D:12     | Reached skill level 5 in Invocations
 15453 | D:12     | Reached skill level 15 in Axes
 15907 | D:12     | Noticed an ogre mage
 15913 | D:12     | Killed an ogre mage
 15913 | D:12     | Reached ****** piety under Okawaru
 16117 | D:13     | Noticed a two-headed ogre
 16123 | D:13     | Killed a two-headed ogre
 16189 | D:13     | Noticed a two-headed ogre
 16197 | D:13     | Killed a two-headed ogre
 16198 | D:13     | Reached XP level 13. HP: 62/87 MP: 17/19
 16278 | D:12     | HP: 4/87 [efreet (1)]
 16496 | D:13     | Noticed a vault guard
 16738 | D:13     | Noticed a vault guard
 16876 | D:13     | Identified the +2 kite shield "Sewihek" {Regen+} (Okawaru
                  | gifted it to you on level 13 of the Dungeon)
 16876 | D:13     | Received a gift from Okawaru
 16886 | D:13     | Noticed a vault guard
 17183 | Lair:1   | Entered Level 1 of the Lair of Beasts
 17730 | Lair:1   | Gained mutation: Your large and strong wings let you fly.
                  | [potion of mutation]
 17730 | Lair:1   | Gained mutation: You are agile. (Dex +2) [potion of
                  | mutation]
 17908 | Lair:1   | Found the +2 ratskin cloak {*Rats rPois rN+ Str-1 Int-1
                  | Dex+1}
 18540 | Lair:2   | Reached skill level 5 in Armour
 18694 | Lair:2   | Found a staircase to the Snake Pit.
 19305 | Lair:2   | Reached skill level 16 in Axes
 20262 | Lair:3   | Mutation became permanent: Your large and strong wings let
                  | you fly. [Gargoyle growth]
 20262 | Lair:3   | Gained mutation: Your large and strong wings let you fly.
                  | [Gargoyle growth]
 20262 | Lair:3   | Reached XP level 14. HP: 72/92 MP: 21/21
 20703 | Lair:3   | Noticed Snorg
 20726 | Lair:3   | Killed Snorg
 20726 | Lair:3   | Received a gift from Okawaru
 21118 | Lair:3   | Found a staircase to the Swamp.
 22052 | Lair:4   | Identified the +5 chain mail of the Constellations {Contam
                  | +Inv rElec}
 22068 | Lair:4   | Reached skill level 10 in Armour
 22669 | Lair:4   | Identified the +0 ring mail "Moniymm" {+Inv Str+4} (Okawaru
                  | gifted it to you on level 4 of the Lair of Beasts)
 22669 | Lair:4   | Received a gift from Okawaru
 24140 | Lair:5   | Reached skill level 17 in Axes
 24499 | Lair:6   | Entered Level 6 of the Lair of Beasts
 25296 | Lair:6   | Identified the +0 pair of boots "Geheymisch" {rCorr Str-5
                  | Int+6} (Okawaru gifted it to you on level 6 of the Lair of
                  | Beasts)
 25296 | Lair:6   | Received a gift from Okawaru
 25297 | Lair:6   | Reached XP level 15. HP: 29/97 MP: 22/22
 25708 | Lair:6   | Found a staircase to the Slime Pits.
 25708 | Lair:6   | Found a viscous altar of Jiyva.
 25716 | Lair:6   | Reached skill level 18 in Axes
 25842 | Lair:6   | Identified the +10 falchion of Kotaskar {flame, rElec
                  | rPois}
 26122 | Lair:6   | Reached skill level 5 in Shields
 27194 | D:13     | Shot with an arrow by a deep elf archer

Illustrated notes

Levels and vault maps discovered:
D:1:      psy_arrival_basics, layout_basic, dreamdust_ecumenical_altar_statues
D:2:      layout_basic
D:3:      layout_rooms, uniq_sigmund
D:4:      layout_gridville, kennysheep_small_spiral,
          nicolae_shop_sticking_my_neck_out
D:5:      layout_basic, pdpol_wu_jian_five_deadly_venoms, ashenzari_altar_1,
          minmay_temple_entry_purple_smoke
D:6:      layout_cave_pools, kennysheep_minor_cross, serial_bayou_pond_a
D:7:      layout_gridville, serial_shops, nicolae_shop_hallway_plus,
          nicolae_shop_waterfront, nicolae_shop_statue_plus, nicolae_shop_trees,
          nicolae_shop_crystal, grunt_ministairs_1, uniq_maggie
D:8:      layout_basic, nicolae_overflow_squiral, serial_shops, shop,
          roderic_lattice_a
D:9:      minmay_the_grid_four_pointed_star_mashed
          [minmay_the_grid_triangle_9x9_warning,
          minmay_the_grid_triangle_9x9_corruption,
          minmay_the_grid_triangle_9x9_zippers_horizontal,
          minmay_the_grid_triangle_9x9_limited_checkers,
          minmay_the_grid_prize_four_corners], layout_gridville, serial_shops,
          shop_fountains, enter_bailey_5
D:10:     layout_small_grid, erik_orc_3, gammafunk_ghost_abyssal_escape
D:11:     layout_basic, erik_lair_dragon
D:12:     layout_grid_maze, grunt_tough_drop
D:13:     layout_basic, grunt_vaults_entry_fortified
Temple:   mainiacjoe_temple_coin_purse
Lair:1:   layout_regular_city, grunt_megastairs_5
Lair:2:   layout_chaotic_city, dummy_snake_entry, grunt_megastairs_4
Lair:3:   layout_loops_ring, minmay_swamp_entry_eels, uniq_snorg
Lair:4:   layout_loops_ring, kennysheep_basilisk_garden, lemuel_fruit_fields
Lair:5:   layout_roguey, grunt_megastairs_3
Lair:6:   minmay_lair_end_frog_pond, layout_misc_corridors, slime_altar_1

Skill      XL: |  1  2  3  4  5  6  7  8  9 10 11 12 13 14 15 |
---------------+----------------------------------------------+-----
Axes           | 2 3 4 5 6 8 10 12 14 15 16 17 18 | 18.0
Fighting       | 4 5 6 7 9 10 12 | 12.8
Invocations    | 8 9 |  9.9
Armour         | 8 11 | 11.2
Shields        | 6 |  6.2

Action                   |  1- 3 |  4- 6 |  7- 9 | 10-12 | 13-15 || total
-------------------------+-------+-------+-------+-------+-------++-------
Melee: War axe           |    83 |    68 |   428 |   264 |       ||   843
       Broad axe         |       |       |       |   323 |   745 ||  1068
       Scimitar          |       |       |       |       |    74 ||    74
Invok: Heroism           |       |       |     2 |    14 |    10 ||    26
       Finesse           |       |       |       |     4 |     2 ||     6
Evoke: Wand              |       |       |       |     4 |     4 ||     8
       Phial of floods   |       |       |       |       |     1 ||     1
  Use: Scroll            |       |       |    13 |    14 |     8 ||    35
       Potion            |       |       |     1 |     1 |     5 ||     7
 Stab: Petrified         |       |       |       |       |     2 ||     2
Armor: Scale mail        |    62 |    39 |    20 |       |       ||   121
       Leather armour    |       |       |   146 |       |       ||   146
       Steam dragon scal |       |       |   102 |   334 |   596 ||  1032
Dodge: Dodged            |    31 |    25 |   252 |   265 |   361 ||   934
Block: Buckler           |    13 |    12 |    93 |   116 |   171 ||   405

Table legend: (Time is in decaauts)
 A = Elapsed time spent in this place.
 B = Non-inter-level travel time spent in this place.
 C = Inter-level travel time spent in this place.
 D = Time resting spent in this place.
 E = Time spent auto-exploring this place.
 F = Levels seen in this place.
 G = Mean time per level.
                   A        B        C        D        E       F      G
               +--------+--------+--------+--------+--------+-----+--------+
         Total |  27119 |  25600 |   1519 |   6269 |  15373 |  21 | 1291.4 |
       Dungeon |  16927 |  15695 |   1232 |   3291 |   9871 |  13 | 1302.1 |
        Temple |    130 |     98 |     32 |      0 |     84 |   1 |  130.0 |
          Lair |   8803 |   8548 |    255 |   2260 |   5100 |   6 | 1467.2 |
        Bailey |   1257 |   1257 |      0 |    718 |    318 |   1 | 1257.0 |
               +--------+--------+--------+--------+--------+-----+--------+

Top non-repeatable levels by time:
  Lair:5: 2243 daAuts
     D:9: 1998 daAuts
  Lair:2: 1825 daAuts
     D:8: 1605 daAuts
  Lair:3: 1534 daAuts
    D:12: 1495 daAuts
     D:7: 1391 daAuts
     D:5: 1357 daAuts
    D:13: 1325 daAuts
    D:10: 1267 daAuts
  Bailey: 1257 daAuts
     D:2: 1228 daAuts
    D:11: 1205 daAuts
  Lair:4: 1176 daAuts
     D:4: 1172 daAuts
